 Dungeon Crawl Stone Soup version 0.28.0-53-g5a82cb258f (webtiles) character file.

Game seed: 12853685284320366003

86 hikkokomori the Chopper (level 4, -1/61 HPs)
             Began as a Minotaur Berserker on Nov 8, 2022.
             Was a Believer of Trog.
             Killed from afar by Natasha (6 damage)
             ... with a magic dart
             ... on level 1 of the Dungeon.
             The game lasted 00:01:31 (1108 turns).

hikkokomori the Chopper (Minotaur Berserker)        Turns: 1108, Time: 00:01:32

Health: -1/61      AC:  2    Str: 24    XL:     4   Next: 27%
Magic:  3/3        EV: 12    Int:  4    God:    Trog [**....]
Gold:   95         SH:  0    Dex:  9    Spells: 3/3 levels left

rFire   . . .      SeeInvis .   a - +0 hand axe
rCold   . . .      Faith    .   (no shield)
rNeg    . . .      Spirit   .   b - +0 animal skin
rPois   .          Reflect  .   (helmet restricted)
rElec   .          Harm     .   (no cloak)
rCorr   .          Rampage  .   (no gloves)
Will    .....                   (no boots)
Stlth   ..........              (no amulet)
HPRegen 0.20/turn               (no ring)
MPRegen 0.08/turn               (no ring)

@: berserking, very quick
A: horns 2, retaliatory headbutt
a: Renounce Religion, Berserk, Trog's Hand


You were on level 1 of the Dungeon.
You worshipped Trog.
Trog was pleased with you.
You visited 1 branch of the dungeon, and saw 2 of its levels.

You collected 95 gold pieces.

Inventory:

Hand Weapons
 a - a +0 hand axe (weapon)
Armour
 b - a +0 animal skin (worn)
Potions
 c - a potion of degeneration {unknown}
 d - a potion of invisibility {unknown}
 e - a potion of curing {unknown}
 f - 2 potions of heal wounds


   Skills:
 + Level 4.5 Fighting
 * Level 5.4 Axes
 - Level 2.5 Armour
 - Level 2.2 Dodging


You had 3 spell levels left.
You didn't know any spells.
Your spell library was empty.

Dungeon Overview and Level Annotations

Branches:
Dungeon (2/15)

Altars:

Annotations:
D:1 Natasha


Innate Abilities, Weirdness & Mutations

You have a pair of horns on your head.
You reflexively headbutt those who attack you in melee.


Message History

Natasha is lightly wounded.
Natasha closely misses you. You furiously retaliate!
You headbutt Natasha.
The crimson imp blinks!
You closely miss Natasha.
Natasha is moderately wounded.
You hit the iron imp. The iron imp hits you. Natasha closely misses you.
You furiously retaliate!
You headbutt Natasha. You barely miss Natasha.
Natasha is heavily wounded.
You barely miss the iron imp. Natasha closely misses you.
The iron imp barely misses you.
You closely miss Natasha.
Natasha is heavily wounded.
You hit the iron imp.
Natasha stares at you and mumbles some strange words.
The magic dart hits you! The iron imp hits you!
You are too injured to fight recklessly!
You are too injured to fight recklessly!
You closely miss Natasha. Your headbutt misses Natasha.
Natasha is heavily wounded.
You closely miss the iron imp. Natasha claws you but does no damage.
You closely miss Natasha.
Natasha is heavily wounded.
You closely miss the iron imp. You hit the crimson imp.
The iron imp misses you. Natasha claws you!
* * * LOW HITPOINT WARNING * * *
The crimson imp hits you.
* * * LOW HITPOINT WARNING * * *
A red film seems to cover your vision as you go berserk!
You feel yourself moving faster!
You feel mighty!
The iron imp hits you but does no damage.
Natasha claws you.
* * * LOW HITPOINT WARNING * * *
The crimson imp barely misses you.
You hit Natasha but do no damage.
Natasha is heavily wounded.
You closely miss the crimson imp. You slash the iron imp!
Natasha casts a spell at you. The magic dart hits you.
You die...

#.# #.#............### #.#
#..#.............# #.#
#..............#.# #.#
#####.###........###.#
#.####.....####.......###.#
..........................#
...#...........#..........#
#.##.........#..55........##
#.######..##.#.#@h...^.....#
.....# #.......#.#.....###.#
#.##.####.##...#......####.## ###
#.##............##....#..)..# #..
#.#####...............#...#.###.#
#.# ##........#..##...#...#.#....
#.# #..#......##.##...)...#..#...
#.###.##......##..#...(..........
..........................##.....


You could see an iron imp (summoned), Natasha (strong) and a crimson imp
(summoned).

Vanquished Creatures
  Natasha (twice) (D:2 D:1)
  An adder (D:2)
  A worm (D:2)
  2 dart slugs (D:1)
  4 endoplasms (D:1)
  3 goblins (D:1)
  3 hobgoblins
  3 frilled lizards (D:1)
  A kobold (D:1)
  2 rats (D:1)
22 creatures vanquished.

Notes
Turn   | Place    | Note
-------+----------+-------------------------------------------
     0 | D:1      | hikkokomori the Minotaur Berserker began the quest for the
                  | Orb.
     0 | D:1      | Reached XP level 1. HP: 19/19 MP: 0/0
   274 | D:1      | Reached skill level 4 in Axes
   390 | D:1      | Reached XP level 2. HP: 23/27 MP: 1/1
   811 | D:2      | Noticed Natasha
   820 | D:2      | Noticed a crimson imp
   820 | D:2      | Killed Natasha
   821 | D:2      | Reached skill level 5 in Axes
   821 | D:2      | Reached XP level 3. HP: 29/34 MP: 2/2
   843 | D:2      | Noticed Natasha
   850 | D:1      | Killed Natasha
   850 | D:1      | Reached ** piety under Trog
   851 | D:1      | Reached XP level 4. HP: 13/41 MP: 3/3
  1095 | D:1      | Noticed Natasha
  1108 | D:1      | Killed from afar by Natasha

Illustrated notes

Levels and vault maps discovered:
D:1:      enne_arrival_octagon_isle, layout_rooms
D:2:      layout_loops_cross, hellmonk_ecumenical_altar_blasted,
          minmay_misc_feat_four_crosses, kennysheep_generic_room_3, uniq_natasha

Skill      XL: |  1  2 |
---------------+-------+-----
Axes           | 4 5 |  5.4
Fighting       | 4 |  4.5
Armour         | |  2.5
Dodging        | |  2.2

Action                   |  1- 3 |  4- 6 || total
-------------------------+-------+-------++-------
Melee: Hand axe          |    51 |    10 ||    61
       Headbutt          |     6 |       ||     6
       Punch             |       |     1 ||     1
Invok: Berserk           |       |     1 ||     1
Armor: Animal skin       |     5 |     2 ||     7
Dodge: Dodged            |    24 |     6 ||    30
